 Dungeon Crawl Stone Soup version 0.20.0-15-g7f486f2 (webtiles) character file.

3642 anfisbena the Carver (level 9, -6/79 HPs)
             Began as a Demonspawn Abyssal Knight on June 14, 2017.
             Was an Elder of Lugonu.
             Mangled by a yak (14 damage)
             ... on level 8 of the Dungeon.
             The game lasted 00:11:45 (9568 turns).

anfisbena the Carver (Demonspawn Abyssal Knight)    Turns: 9568, Time: 00:11:46

Health: -6/79      AC:  8    Str: 12    XL:     9   Next: 88%
Magic:  15/15      EV: 15    Int: 14    God:    Lugonu [****..]
Gold:   659        SH:  0    Dex: 16    Spells: 8/8 levels left

rFire    + . .     SeeInvis +   I - +1 falchion
rCold    + + .     Gourm    .   (no shield)
rNeg     . . .     Faith    .   G - +0 leather armour {rC+}
rPois    +         Spirit   .   (helmet restricted)
rElec    .         Reflect  .   (no cloak)
rCorr    .         Harm     .   f - +0 pair of gloves
MR       .....                  (no boots)
Stlth    +.........             (no amulet)
Regen    0.3/turn               j - ring of poison resistance
MPRegen  0.2/turn               e - ring of see invisible

@: no status effects
A: antennae 1, icy blue scales 3, demonic guardian 1, fire resistance 1, robust
1, spiny 1
a: Depart the Abyss, Bend Space, Banish, Corrupt, Renounce Religion


You were on level 8 of the Dungeon.
You worshipped Lugonu.
Lugonu was greatly pleased with you.
You were very hungry.

You visited 1 branch of the dungeon, and saw 9 of its levels.
You visited the Abyss 1 time.
You also visited: Ossuary.

You collected 659 gold pieces.

Inventory:

Hand Weapons
 I - a +1 falchion (weapon)
Armour
 f - a +0 pair of gloves (worn)
 G - a +0 leather armour of cold resistance (worn)
Jewellery
 b - an uncursed ring of fire
 e - a ring of see invisible (right hand)
 j - a ring of poison resistance (left hand)
 v - an uncursed ring of wizardry
Wands
 t - a wand of lightning (7/15)
Scrolls
 a - a scroll of identify
 g - 5 scrolls of remove curse
 h - a scroll of noise {unknown}
 m - a scroll of silence {unknown}
 r - 4 scrolls of teleportation
 s - a scroll of recharging {unknown}
 u - 3 scrolls of amnesia
 w - 2 scrolls of blinking {unknown}
 y - a scroll of magic mapping {unknown}
 C - a scroll of enchant weapon {unknown}
 D - a scroll of fog {unknown}
Potions
 d - 5 potions of agility
 i - a potion of heal wounds
 k - 3 potions of mutation
 n - 3 potions of might
 p - 2 potions of degeneration {unknown}
 q - 2 potions of lignification {unknown}
 x - 5 potions of curing
 z - 3 potions of invisibility {unknown}
 A - 2 potions of haste {unknown}
 B - a potion of flight {unknown}
 E - 3 potions of magic {unknown}
Comestibles
 c - 7 bread rations
 l - 11 royal jellies
 o - 2 fruits
 F - a meat ration


   Skills:
 + Level 7.3 Fighting
 - Level 8.0 Long Blades
 + Level 3.1 Armour
 + Level 6.0 Dodging
 - Level 8.0 Invocations


You had 8 spell levels left.
You didn't know any spells.

Dungeon Overview and Level Annotations

Branches:
Dungeon (9/15)             Temple (0/1) D:6
   Lair: D:8-11         Orc: D:9-12

Altars:
Fedhas

Shops:
D:6 !


Innate Abilities, Weirdness & Mutations

You have a pair of small antennae on your head.
You are completely covered in icy blue scales. (AC +4, rC+)
A weak demonic guardian rushes to your aid.
You are partially covered in sharp spines.
Your flesh is heat resistant. (rF+)
You are robust. (+10% HP)


Message History

The yak is lightly wounded.
The yak gores you!
* * * LOW HITPOINT WARNING * * *
You hit the yak.
The yak is moderately wounded.
The yak is struck by your spines. The yak misses you.
You hit the yak but do no damage.
The yak is moderately wounded.
You hit the yak but do no damage.
The yak is moderately wounded.
The yak gores you!
* * * LOW HITPOINT WARNING * * *
Your quasit bites the yak but does no damage.
Your quasit claws the yak but does no damage. x2
You hit the yak.
The yak is heavily wounded.
Your quasit closely misses the yak.
Your quasit barely misses the yak.
Your quasit claws the yak but does no damage.
The yak gores you!
You die...

# #######################
#####........#............#######
.............#.#########.........
#####.##........####.........####
......#................##.##.....
##..............####.#.##.###..(#
##.####.........@Y5...........(((
...# ##.....#.###>#####.......).
#### ##....#.###...#....#...... #
#..#.#............###...# #
#..#.######.#....## #...# #
#..#.######....#.#####รท## #
#....................#..# #
#.##.#######..##.###.##.# #
#.##.# #.....# #.##.#


You could see a yak and a friendly quasit.

Vanquished Creatures
  A queen bee (D:8)
  A yak (D:9)
  A hungry ghost (D:7)
  2 sky beasts
  An orc warrior (D:6)
  A necrophage (D:7)
  2 ogres
  A crocodile (D:5)
  The ghost of dartaniar the Sneak, an amateur SpAs (D:3)
  2 big kobolds (D:8)
  A bullfrog (D:8)
  2 scorpions
  13 killer bees (D:8)
  3 wights (D:8)
  A crimson imp (D:4)
  2 howler monkeys (D:6)
  A bullfrog zombie (D:8)
  3 centaur zombies
  A jelly (D:8)
  A bullfrog skeleton (D:8)
  4 orc priests
  3 hounds
  A centaur skeleton (D:6)
  6 orc wizards
  An iguana (D:8)
  5 worker ants
  8 mummies (Ossuary)
  A hound skeleton (D:5)
  5 gnolls (D:4)
  5 adders
  3 shadow imps
  3 oozes
  An adder skeleton (D:9)
  2 worms
  2 dart slugs
  4 leopard geckos
  21 orcs
  7 giant cockroaches
  6 goblins
  2 hobgoblins (D:1)
  4 jackals
  13 kobolds
  A quokka (D:5)
  A ball python (D:1)
  7 bats
  3 frilled lizards
  3 gnoll zombies (Ossuary)
  2 hobgoblin zombies (Ossuary)
  A kobold zombie (Ossuary)
  A leopard gecko zombie (D:5)
  2 orc zombies (Ossuary)
  8 rats
177 creatures vanquished.

Vanquished Creatures (collateral kills)
  The ghost of Malak the Destroyer, a novice DECj of Vehumet (D:7)
  An ogre (D:4)
  A scorpion (D:7)
  An orc priest (D:6)
  An orc wizard (D:7)
  An iguana (D:4)
  2 gnolls (D:4)
  3 orcs
11 creatures vanquished.

Grand Total: 188 creatures vanquished

Notes
Turn   | Place    | Note
-------+----------+-------------------------------------------
     0 | Abyss:1  | anfisbena the Demonspawn Abyssal Knight began the quest for the Orb.
     0 | Abyss:1  | Reached XP level 1. HP: 18/18 MP: 2/2
    49 | Abyss:1  | Noticed a demonic crawler
    50 | Abyss:1  | Noticed a tentacled starspawn
    53 | D:1      | Escaped the Abyss
   107 | D:1      | Reached * piety under Lugonu
   270 | D:1      | Gained mutation: You are partially covered in sharp spines. [demonic ancestry]
   270 | D:1      | Reached XP level 2. HP: 24/24 MP: 3/3
  1171 | D:1      | Gained mutation: A weak demonic guardian rushes to your aid. [demonic ancestry]
  1171 | D:1      | Reached XP level 3. HP: 29/29 MP: 4/4
  1476 | D:2      | Found a blossoming altar of Fedhas.
  1976 | D:2      | You fall through a shaft!
  2050 | D:3      | Reached XP level 4. HP: 35/35 MP: 5/5
  2188 | D:3      | Noticed dartaniar's ghost (amateur SpAs)
  2201 | D:3      | Killed dartaniar's ghost
  2457 | D:3      | Gained mutation: You are partially covered in icy blue scales. (AC +2) [demonic ancestry]
  2457 | D:3      | Reached XP level 5. HP: 40/41 MP: 6/6
  2491 | D:3      | Reached ** piety under Lugonu
  2638 | D:4      | Reached skill level 5 in Long Blades
  3123 | D:4      | Noticed an ogre
  3131 | D:4      | Gained mutation: You have a pair of small antennae on your head. [demonic ancestry]
  3131 | D:4      | Reached XP level 6. HP: 23/47 MP: 7/7
  3696 | D:5      | Entered Level 5 of the Dungeon
  3790 | D:5      | Reached XP level 7. HP: 9/52 MP: 8/8
  3835 | D:5      | Found a sand-covered staircase.
  3842 | Ossuary  | Entered an ossuary
  4103 | Ossuary  | Reached *** piety under Lugonu
  5279 | D:5      | Reached skill level 1 in Dodging
  5838 | D:6      | Gained mutation: You are mostly covered in icy blue scales. (AC +3) [demonic ancestry]
  5838 | D:6      | Reached XP level 8. HP: 51/60 MP: 10/10
  5998 | D:6      | HP: 2/60 [orc/whip (5)]
  6003 | D:6      | Reached **** piety under Lugonu
  6218 | D:6      | Found a staircase to the Ecumenical Temple.
  6368 | D:6      | Found Timaucw's Distillery.
  6678 | D:7      | Reached skill level 5 in Invocations
  6682 | D:7      | Gained mutation: Your flesh is heat resistant. (rF+) [mutagenic meat]
  6683 | D:7      | Gained mutation: You are robust. (+10% HP) [mutagenic meat]
  6870 | D:7      | Reached skill level 5 in Fighting
  7078 | D:7      | Noticed Malak's ghost (novice DECj)
  7094 | D:7      | Killed Malak's ghost
  7380 | D:7      | Gained mutation: You are completely covered in icy blue scales. (AC +4, rC+) [demonic ancestry]
  7380 | D:7      | Reached XP level 9. HP: 52/74 MP: 13/13
  8313 | D:8      | Reached skill level 5 in Dodging
  8727 | D:8      | Noticed a queen bee
  8756 | D:8      | Killed a queen bee
  9568 | D:8      | Mangled by a yak

Skill      XL: |  1  2  3  4  5  6  7  8  9 |
---------------+----------------------------+-----
Long Blades    | 2 3 4 5 7 8 |  8.0
Dodging        | 2 4 6 |  6.0
Invocations    | 3 6 8 |  8.0
Fighting       | 5 7 |  7.3
Armour         | 3 |  3.1

Action                   |  1- 3 |  4- 6 |  7- 9 || total
-------------------------+-------+-------+-------++-------
Melee: Falchion          |    74 |   109 |   426 ||   609
Invok: Depart the Abyss  |     1 |       |       ||     1
  Use: Scroll            |       |       |    10 ||    10
       Potion            |       |       |     2 ||     2
 Stab: Distracted        |       |     1 |     4 ||     5
  Eat: Chunk             |     4 |     3 |    21 ||    28
       Fruit             |       |       |     2 ||     2
Armor: Leather armour    |     6 |       |    73 ||    79
       Chain mail        |    22 |    64 |    55 ||   141
Dodge: Dodged            |    30 |    27 |   207 ||   264
       Rpst.: Falchion   |    12 |     7 |    70 ||    89
